 Dungeon Crawl Stone Soup version 0.21.1-1-g345015f (webtiles) character file.

342 Goblin1989 the Ruffian (level 6, -4/44 HPs)
             Began as a Demonspawn Skald on Feb 22, 2018.
             Was an Initiate of Gozag.
             Slain by an iguana (10 damage)
             ... on level 3 of the Dungeon.
             The game lasted 00:11:34 (4437 turns).

Goblin1989 the Ruffian (Demonspawn Skald)           Turns: 4437, Time: 00:11:34

Health: -4/44      AC: 10    Str: 14    XL:     6   Next: 30%
Magic:  9/9        EV:  9    Int: 14    God:    Gozag
Gold:   357        SH:  0    Dex: 12    Spells: 1/9 levels left

rFire    . . .     SeeInvis .   a - +0 short sword
rCold    . . .     Gourm    .   (no shield)
rNeg     . . .     Faith    .   W - +3 scale mail
rPois    .         Spirit   .   (helmet restricted)
rElec    .         Reflect  .   (no cloak)
rCorr    +         Harm     .   (no gloves)
MR       .....                  r - +0 pair of boots
Stlth    ..........             (no amulet)
HPRegen  0.14/turn              g - ring of resist corrosion
MPRegen  0.11/turn              (no ring)

@: hasted, very quick
A: antennae 2, claws 1, talons 1, rot immunity
a: Potion Petition, Call Merchant, Bribe Branch, Renounce Religion


You were on level 3 of the Dungeon.
You worshipped Gozag.
Gozag was aware of your devotion.
You were not hungry.

You visited 1 branch of the dungeon, and saw 4 of its levels.

You collected 376 gold pieces.
You paid 19 gold pieces to Gozag.

Inventory:

Hand Weapons
 a - a +0 short sword (weapon)
 U - a +0 hunting sling
Missiles
 V - 71 stones (quivered)
Armour
 h - a +0 chain mail
 r - a +0 pair of boots (worn)
 W - a +3 scale mail (worn)
Jewellery
 g - a ring of resist corrosion (left claw)
Scrolls
 i - a scroll of remove curse {@r2}
 k - 2 scrolls of fear
 o - a scroll of amnesia {unknown}
 p - a scroll of blinking {unknown}
 t - a scroll of enchant armour {unknown}
 w - a scroll of random uselessness {unknown}
 R - 2 scrolls of identify {@r1}
 T - 2 scrolls of teleportation {!r, @r3}
Potions
 f - 2 potions of curing {@q1}
 s - a potion of magic {unknown}
 v - a potion of haste {@q3, !q}
Comestibles
 e - 4 rations


   Skills:
 - Level 2.0 Fighting
 - Level 2.5 Short Blades
 - Level 0.8 Armour
 - Level 1.7 Dodging
 + Level 5.4 Unarmed Combat
 - Level 2.0 Spellcasting
 - Level 2.6 Charms


You had one spell level left.
You knew the following spells:

 Your Spells              Type           Power        Failure   Level  Hunger
a - Infusion              Chrm           #...         34%         1    ##.....
h - Shroud of Golubria    Chrm/Tloc      #.........   65%         2    ###....
y - Song of Slaying       Chrm           #.......     45%         2    ###....
R - Regeneration          Chrm/Necr      #.........   87%         3    ####...


Dungeon Overview and Level Annotations

Branches:
Dungeon (4/15)
 Temple: D:4-7

Altars:
Gozag


Innate Abilities, Weirdness & Mutations

You have a pair of antennae on your head.
You have sharp fingernails.
You have sharp toenails.
You are immune to rotting.


Message History

You start resting.
You regained 3 hp, and now have 30/44 hp.
The iguana hisses angrily.
There is a stone staircase leading down here.
You hit the iguana.
The iguana is lightly wounded.
The iguana closely misses you.
You barely miss the iguana.
The iguana is lightly wounded.
The iguana bites you!
You take 7 damage, and have 24/44 hp.
You are too injured to fight recklessly!
You are too injured to fight recklessly!
You are too injured to fight recklessly!
You are too injured to fight recklessly!
You are too injured to fight recklessly!
You are too injured to fight recklessly!
You are too injured to fight recklessly!
You are too injured to fight recklessly!
You are too injured to fight recklessly!
You are too injured to fight recklessly!
You are too injured to fight recklessly!
You are too injured to fight recklessly!
You are too injured to fight recklessly!
You are too injured to fight recklessly!
You are too injured to fight recklessly!
You are too injured to fight recklessly!
You are too injured to fight recklessly!
You are too injured to fight recklessly!
You are too injured to fight recklessly!
You are too injured to fight recklessly!
You are too injured to fight recklessly!
You are too injured to fight recklessly!
You are too injured to fight recklessly!
You are too injured to fight recklessly!
You are too injured to fight recklessly!
You are too injured to fight recklessly!
There is a stone staircase leading down here.
There is a stone staircase leading up here.
You climb upwards.
There is a stone staircase leading down here.
You hit the iguana but do no damage. The iguana bites you.
You take 4 damage, and have 21/44 hp.
You closely miss the iguana. The iguana bites you!
* * * LOW HITPOINT WARNING * * *
You take 7 damage, and have 14/44 hp.
You closely miss the iguana. The iguana bites you.
* * * LOW HITPOINT WARNING * * *
You take 4 damage, and have 10/44 hp.
You hit the iguana.
The iguana is moderately wounded.
The iguana bites you.
* * * LOW HITPOINT WARNING * * *
You take 3 damage, and have 7/44 hp.
You feel better.
The iguana bites you but does no damage.
You regained 12 hp, and now have 21/44 hp.
Really quaff
v - 2 potions of haste {@q3, !q}? [Y]es or [N]o only, please.
Really quaff
v - 2 potions of haste {@q3, !q}? [Y]es or [N]o only, please.
Really quaff
v - 2 potions of haste {@q3, !q}? [Y]es or [N]o only, please.
Really quaff
v - 2 potions of haste {@q3, !q}?
You feel yourself speed up. The iguana misses you.
You hit the iguana.
The iguana is moderately wounded.
You barely miss the iguana.
The iguana is moderately wounded.
The iguana barely misses you.
You hit the iguana but do no damage.
The iguana is moderately wounded.
The iguana barely misses you.
You closely miss the iguana.
The iguana is moderately wounded.
You hit the iguana.
The iguana is moderately wounded.
The iguana bites you.
* * * LOW HITPOINT WARNING * * *
You take 2 damage, and have 19/44 hp.
You hit the iguana.
The iguana is heavily wounded.
You completely miss the iguana.
The iguana is heavily wounded.
The iguana bites you.
* * * LOW HITPOINT WARNING * * *
You take 5 damage, and have 14/44 hp.
You hit the iguana.
The iguana is severely wounded.
The iguana bites you!
* * * LOW HITPOINT WARNING * * *
You take 9 damage, and have 5/44 hp.
MASSIVE DAMAGE!!
You hit the iguana but do no damage.
The iguana is severely wounded.
The iguana hisses menacingly.
You barely miss the iguana. Your claw misses the iguana.
The iguana is severely wounded.
The iguana bites you!
You die...
Your body crumbles into a pile of gold. .........█...█████...█ █.█ .........█...█ █.███████.██ █∆██████.█..>█ █....).....█ .......█.█...█ ████████████ ....<..█.█...█ ██████

.......█.█...█ █....█
█████..█.█...█ █.██>█
....█..█.█...████.██.█
....█..█.█.....l@.██.█
....█..█.█...███████.█
....█..█.█.........█.█
....█..█.█........██.█
....█..█.█...█.██.██.█
█∆███..█.█........██.█
.......█.█...█..█.██.█
.......█.█......█.██.█
.......█.█......█....████████


You could see an iguana.

Vanquished Creatures
  A phantom (D:4)
  A howler monkey (D:4)
  An orc priest (D:3)
  Natasha (twice) (D:2)
  5 adders
  An ooze (D:4)
  A worm (D:2)
  3 dart slugs (D:3)
  4 leopard geckos
  4 orcs
  A ball python (D:1)
  4 bats
  3 giant cockroaches
  7 goblins
  11 hobgoblins
  12 jackals
  2 quokkas (D:3)
  2 frilled lizards
  8 kobolds
  2 rats
75 creatures vanquished.

Notes
Turn   | Place    | Note
-------+----------+-------------------------------------------
     0 | D:1      | Goblin1989 the Demonspawn Skald began the quest for the Orb.
     0 | D:1      | Reached XP level 1. HP: 16/16 MP: 3/3
   531 | D:1      | Gained mutation: You have sharp toenails. [demonic ancestry]
   531 | D:1      | Reached XP level 2. HP: 21/22 MP: 5/5
   986 | D:1      | Reached skill level 1 in Unarmed Combat
  1377 | D:2      | Gained mutation: You have a pair of small antennae on your head. [demonic ancestry]
  1377 | D:2      | Reached XP level 3. HP: 18/27 MP: 0/6
  1483 | D:2      | Reached skill level 2 in Unarmed Combat
  1648 | D:2      | Noticed Natasha
  1667 | D:2      | Killed Natasha
  1807 | D:2      | Gained mutation: You have a pair of antennae on your head. [demonic ancestry]
  1807 | D:2      | Reached XP level 4. HP: 21/33 MP: 2/7
  1909 | D:2      | Noticed Natasha
  2002 | D:2      | Found an opulent altar of Gozag.
  2101 | D:2      | Reached skill level 3 in Unarmed Combat
  2134 | D:2      | Killed Natasha
  2412 | D:2      | Became a worshipper of Gozag Ym Sagoz the Greedy
  2990 | D:3      | Gained mutation: You have sharp fingernails. [demonic ancestry]
  2990 | D:3      | Reached XP level 5. HP: 29/38 MP: 8/8
  3161 | D:3      | Reached skill level 4 in Unarmed Combat
  3810 | D:4      | Noticed a phantom
  3835 | D:4      | Killed a phantom
  3835 | D:4      | Reached skill level 5 in Unarmed Combat
  3835 | D:4      | Gained mutation: You are immune to rotting. [demonic ancestry]
  3835 | D:4      | Reached XP level 6. HP: 6/44 MP: 9/9
  4166 | D:4      | Learned a level 2 spell: Song of Slaying
  4169 | D:4      | Learned a level 2 spell: Shroud of Golubria
  4173 | D:4      | Learned a level 3 spell: Regeneration
  4437 | D:3      | Slain by an iguana

Skill      XL: |  1  2  3  4  5 |
---------------+----------------+-----
Short Blades   | 2 |  2.5
Unarmed Combat | 1 2 3 5 |  5.4
Fighting       | |  2.0
Armour         | |  0.8
Dodging        | |  1.7
Spellcasting   | |  2.0
Charms         | |  2.6

Action                   |  1- 3 |  4- 6 || total
-------------------------+-------+-------++-------
Melee: Short sword       |   124 |   254 ||   378
       Kick              |    21 |    31 ||    52
       Punch             |       |     5 ||     5
 Fire: Hunting sling     |       |     2 ||     2
 Cast: Infusion          |     3 |       ||     3
  Use: Scroll            |       |     5 ||     5
       Potion            |       |     2 ||     2
 Stab: Distracted        |       |     2 ||     2
  Eat: Chunk             |     2 |       ||     2
       Ration            |       |     3 ||     3
Armor: Leather armour    |    35 |       ||    35
       Ring mail         |    13 |    41 ||    54
       Scale mail        |       |    30 ||    30
Dodge: Dodged            |    74 |   136 ||   210

Vault maps used:
D:1:      lemuel_arrival_hallway
D:2:      overflow_temple_1_default, uniq_natasha
D:3:      kennysheep_generic_room_7
D:4:      first_ration
